 Dungeon Crawl Stone Soup version 0.26-a0-1205-g4083c211ab (webtiles) character file.

Game seed: 6741456772874017074

260 vvl the Conjurer (level 5, 0/52 HPs)
             Began as a Demonspawn Fire Elementalist on Dec 30, 2020.
             Slain by a lemure (3 damage)
             ... led by Pikel
             ... on level 3 of the Dungeon.
             The game lasted 00:13:55 (4919 turns).

vvl the Conjurer (Demonspawn Fire Elementalist)     Turns: 4919, Time: 00:13:56

Health: 0/52       AC: 22    Str:  8    XL:     5   Next: 95%
Magic:  1/9        EV:  2    Int: 18    God:
Gold:   126        SH:  0    Dex: 13    Spells: 9/10 levels left

rFire    . . .     SeeInvis .   e - +0 dagger
rCold    . . .     Faith    .   (no shield)
rNeg     + + +     Spirit   .   (armour currently unavailable)
rPois    +         Reflect  .   (helmet currently unavailable)
rElec    .         Harm     .   (cloak currently unavailable)
rCorr    .         Rampage  .   (gloves currently unavailable)
Will     .....     NoTele   +   (boots currently unavailable)
Stlth    ++........             (no amulet)
HPRegen  0.17/turn              (no ring)
MPRegen  0.11/turn              (no ring)

@: tree-form
A: no striking features
a: no special abilities


You were on level 3 of the Dungeon.
You were a tree.
You visited 1 branch of the dungeon, and saw 5 of its levels.

You collected 126 gold pieces.

Inventory:

Hand Weapons
 e - a +0 dagger (weapon)
 p - a +0 flail
Missiles
 i - 5 silver javelins
Armour
 a - a +0 robe
 h - a +0 ring mail (melded)
 o - a +0 cloak
Jewellery
 t - an uncursed amulet of guardian spirit
 w - a cursed ring of attention {unknown}
Scrolls
 c - 8 scrolls of identify {unknown}
 f - 6 scrolls of teleportation {unknown}
 g - a scroll of enchant weapon {unknown}
 k - a scroll of blinking {unknown}
 l - a scroll of fear {unknown}
 n - a scroll of remove curse {unknown}
 r - a scroll of enchant armour {unknown}
 u - a scroll of noise {unknown}
Potions
 b - a potion of attraction {unknown}
 d - a potion of mutation {unknown}
 j - a potion of might {unknown}
 m - a potion of haste {unknown}
 q - 2 potions of lignification
 s - 2 potions of degeneration {unknown}
 v - a potion of flight {unknown}


   Skills:
 + Level 2.1 Armour
 - Level 1.7 Dodging
 - Level 1.7 Stealth
 + Level 3.1 Spellcasting
 * Level 3.8 Conjurations
 + Level 3.5 Fire Magic


You had 9 spell levels left.
You knew the following spells:

 Your Spells              Type           Power        Failure   Level
a - Foxfire               Conj/Fire      64%          3%          1

Your spell library contained the following spells:

 Spells                   Type           Power        Failure   Level
 Conjure Flame            Conj/Fire      16%          11%         3
 Inner Flame              Hex/Fire       9%           24%         3
 Sticky Flame             Conj/Fire      16%          34%         4
 Fireball                 Conj/Fire      8%           69%         5


Dungeon Overview and Level Annotations

Branches:
Dungeon (5/15)
 Temple: D:4-7

Altars:
Cheibriados
Okawaru
Qazlal
Ru
Uskayaw

Shops:
D:4 [

Annotations:
D:5 Pikel


Innate Abilities, Weirdness & Mutations

((You have a pair of small horns on your head.))


Message History

The foxfire hits the lemure but does no damage.
The lemure is heavily wounded.
The lemure hits you but does no damage.
Your magical contamination has completely faded away.
Casting: Foxfire (safe; 3% risk of failure)
Confirm with . or Enter, or press ? or * to list all spells.
You don't know that spell.
Casting: Foxfire (safe; 3% risk of failure)
Confirm with . or Enter, or press ? or * to list all spells.
You conjure some foxfire!
The foxfire hits the lemure.
The lemure is heavily wounded.
The foxfire hits the lemure.
The lemure is severely wounded.
The lemure hits you but does no damage.
Casting: Foxfire (safe; 3% risk of failure)
Confirm with . or Enter, or press ? or * to list all spells.
You conjure some foxfire!
The foxfire hits the lemure.
The lemure is severely wounded.
The lemure hits you.
You die...

#.####.# #.#
#......# #.#
######## ##.####
#...... #..####
####..####
#......... #####
#.##..####
#.v♣#######.##......
#..5v.......#.....##
#...##########......
##.## ##.#### #.#
#.# #.# #.# #.#
##'## #.# ##...##
#.#### ##.....##


You could see a lemure.

Vanquished Creatures
  A jelly (D:2)
  An orc wizard (D:3)
  6 adders
  4 gnolls (D:4)
  2 oozes
  3 worms
  3 dart slugs
  A leopard gecko (D:2)
  4 orcs
  7 giant cockroaches
  7 goblins
  14 hobgoblins
  2 jackals (D:4)
  9 kobolds
  2 quokkas
  5 bats
  5 frilled lizards
  9 rats
85 creatures vanquished.

Vanquished Creatures (others)
  287 foxfires
287 creatures vanquished.

Grand Total: 372 creatures vanquished

Notes
Turn   | Place    | Note
-------+----------+-------------------------------------------
     0 | D:1      | vvl the Demonspawn Fire Elementalist began the quest for
                  | the Orb.
     0 | D:1      | Reached XP level 1. HP: 13/13 MP: 3/3
   321 | D:1      | Gained mutation: You have a pair of small horns on your
                  | head. [demonic ancestry]
   321 | D:1      | Reached XP level 2. HP: 19/19 MP: 0/5
  1143 | D:2      | Reached XP level 3. HP: 24/24 MP: 1/6
  1346 | D:2      | Reached skill level 1 in Armour
  1638 | D:2      | Reached XP level 4. HP: 30/30 MP: 0/7
  2597 | D:3      | Found a sacrificial altar of Ru.
  2610 | D:3      | Reached XP level 5. HP: 26/35 MP: 0/9
  3629 | D:3      | Found a hide-covered altar of Uskayaw.
  3933 | D:3      | Found an iron altar of Okawaru.
  4080 | D:4      | Found a snail-covered altar of Cheibriados.
  4125 | D:4      | Found a stormy altar of Qazlal.
  4481 | D:4      | Found Linuem's Armour Shop.
  4875 | D:5      | Entered Level 5 of the Dungeon
  4875 | D:5      | Noticed Pikel
  4875 | D:5      | Noticed a lemure
  4875 | D:5      | Noticed a lemure
  4875 | D:5      | Noticed a lemure
  4875 | D:5      | Noticed a lemure
  4916 | D:3      | HP: 2/52 [lemure[Pikel] (2)]
  4919 | D:3      | Slain by a lemure

Illustrated notes

Levels and vault maps discovered:
D:1:      wander_arrival_chamber, layout_loops_ring
D:2:      layout_rooms
D:3:      layout_loops_corners, marbit_many_paths, lemuel_doored_altar,
          nicolae_ru_great_annihilating_truth
D:4:      layout_basic, kennysheep_little_box, kennysheep_slug_shrine,
          cheibrodos_ashenzari_chains, minmay_temple_entry_from_below_b,
          serial_shops, kennysheep_mini_moat, okawaru_altar_gauntlet_db
D:5:      layout_loops_corners, uniq_pikel, uniq_crazy_yiuf_cottage

Skill      XL: |  1  2  3  4  5 |
---------------+----------------+-----
Conjurations   | 2 3 |  3.8
Fire Magic     | 3 |  3.5
Armour         | 1 2 |  2.1
Spellcasting   | 3 |  3.1
Dodging        | |  1.7
Stealth        | |  1.7

Action                   |  1- 3 |  4- 6 || total
-------------------------+-------+-------++-------
Melee: Unarmed           |     7 |       ||     7
       Dagger            |    32 |   110 ||   142
       Headbutt          |     5 |    11 ||    16
 Cast: Foxfire           |    64 |   109 ||   173
  Use: Potion            |       |     1 ||     1
 Stab: Sleeping          |       |     3 ||     3
Armor: Robe              |     8 |       ||     8
       Ring mail         |     1 |    51 ||    52
       Skin              |       |     4 ||     4
Dodge: Dodged            |    18 |    75 ||    93

Table legend: (Time is in decaauts)
 A = Elapsed time spent in this place.
 B = Non-inter-level travel time spent in this place.
 C = Inter-level travel time spent in this place.
 D = Time resting spent in this place.
 E = Time spent auto-exploring this place.
 F = Levels seen in this place.
 G = Mean time per level.
                   A        B        C        D        E       F      G
               +--------+--------+--------+--------+--------+-----+--------+
         Total |   4920 |   4793 |    127 |    125 |   3983 |   5 |  984.0 |
       Dungeon |   4920 |   4793 |    127 |    125 |   3983 |   5 |  984.0 |
               +--------+--------+--------+--------+--------+-----+--------+

Top non-repeatable levels by time:
     D:3: 1639 daAuts
     D:2: 1186 daAuts
     D:1: 1181 daAuts
     D:4: 912 daAuts
     D:5: 1 daAuts
